 Dungeon Crawl Stone Soup version 0.16.2-14-g7133f4a77c (webtiles) character file.

1372 faibistes the Thaumaturge (level 8, -4/41 HPs)
             Began as a Deep Elf Wizard on Mar 5, 2021.
             Was a Follower of Sif Muna.
             Killed by an exploding giant spore (20 damage)
             ... summoned by a shadow trap
             ... triggered by an orc
             ... on level 8 of the Dungeon.
             The game lasted 00:18:56 (7468 turns).

faibistes the Thaumaturge (Deep Elf Wizard)         Turns: 7468, Time: 00:18:57

Health: -4/41      AC:  4    Str:  4    XL:     8   Next: 38%
Magic:  19/27      EV: 15    Int: 26    God:    Sif Muna [*.....]
Gold:   260        SH:  0    Dex: 17    Spells: 6 memorised, 10 levels left

rFire  . . .     SeeInvis .     z - +1 dagger (flame)
rCold  . . .     Clarity  .     a - +0 robe
rNeg   . . .     SustAb   .     (no shield)
rPois  .         Gourm    .     b - +0 hat
rElec  .         Spirit   .     (no cloak)
rCorr  .         Warding  .     f - +1 pair of gloves
rMut   .         Stasis   .     (no boots)
MR     .....                    (no amulet)
Stlth  +.........               x - +4 ring of dexterity
                                (no ring)

@: confused, repel missiles, not resistant to hostile enchantments, very
unstealthy
A: no striking features
a: Channel Energy, Renounce Religion


You were on level 8 of the Dungeon.
You worshipped Sif Muna.
Sif Muna was aware of your devotion.
You were hungry.

You visited 2 branches of the dungeon, and saw 9 of its levels.

You collected 260 gold pieces.

Inventory:

Hand weapons
 z - a +1 dagger of flaming (weapon)
Armour
 a - a +0 robe (worn)
 b - a +0 hat (worn)
 f - a +1 pair of gloves (worn)
Jewellery
 x - a +4 ring of dexterity (right hand)
Magical devices
 A - a wand of enslavement (4)
 B - a wand of teleportation (4)
 C - a wand of teleportation (1)
Scrolls
 e - 2 scrolls of noise
 h - a scroll of enchant armour
 i - 4 scrolls of remove curse
 j - 4 scrolls of teleportation
 o - a scroll of fear
 q - a scroll of recharging {unknown}
 r - 2 scrolls of immolation
 t - a scroll of fog {unknown}
 v - a scroll of amnesia {unknown}
Potions
 k - 4 potions of curing
 l - a potion of might
 m - 2 potions of invisibility
 n - 2 potions of restore abilities
 p - a potion of lignification
 u - a potion of agility {unknown}
Books
 c - a book of Minor Magic

   Spells                             Type                      Level
   a - Magic Dart                     Conjuration                  1
   b - Blink                          Translocation                2
   c - Call Imp                       Summoning                    2
   d - Repel Missiles                 Charms/Air                   2
   e - Slow                           Hexes                        2
   f - Conjure Flame                  Conjuration/Fire             3
   g - Mephitic Cloud                 Conjuration/Poison/Air       3
Comestibles
 d - 4 bread rations
 s - 2 meat rations


   Skills:
 + Level 5.0 Dodging
 - Level 2.4 Stealth
 * Level 8.2 Spellcasting
 + Level 5.0 Conjurations
 - Level 1.1 Summonings
 - Level 1.1 Translocations
 * Level 4.0 Fire Magic
 * Level 3.6 Air Magic
 * Level 3.7 Poison Magic


You had 10 spell levels left.
You knew the following spells:

 Your Spells              Type           Power        Failure   Level  Hunger
a - Magic Dart            Conj           ####         1%          1    None
b - Conjure Flame         Conj/Fire      ####....     2%          3    None
c - Call Imp              Summ           ###.....     6%          2    None
d - Blink                 Tloc           N/A          6%          2    None
e - Mephitic Cloud        Conj/Pois/Air  ####....     3%          3    None
f - Repel Missiles        Chrm/Air       ###...       4%          2    None


Dungeon Overview and Level Annotations

Branches:
Dungeon (8/15)             Temple (1/1) D:5
   Lair: D:8-11

Altars:
Ashenzari
Dithmenos
Elyvilon
Gozag
Kikubaaqudgha
Makhleb
Nemelex Xobeh
Okawaru
Qazlal
Ru
Sif Muna
Trog
Vehumet
Zin
The Shining One
Jiyva


Message History

The hobgoblin is lightly wounded.
The orc wizard hits the orc but does no damage.
The hobgoblin is engulfed in noxious fumes.
The hobgoblin appears confused.
The hobgoblin barely misses you.
The sky beast hits the orc.
The sky beast shocks the orc.
The orc is killed!
You catch the helpless hobgoblin completely off-guard!
You puncture the hobgoblin! You burn the hobgoblin.
You kill the hobgoblin!
The hobgoblin's corpse disappears in a puff of smoke!
Shadows whirl around the orc...
The sky beast hits you but does no damage.
The orc wizard misses the killer bee zombie.
Casting: Mephitic Cloud
Confirm with . or Enter, or press ? or * to list all spells.
You feel jittery for a moment.
The giant spore explodes!
The explosion of spores engulfs you!
You are confused.
You die... ########... ##YoozhrWZZ. #@§Z######## #####

You could see a phantom, a black bear, a sky beast (confused), a wight, an orc wizard (confused), an orc, a killer bee zombie, a rat and an adder skeleton.

Vanquished Creatures
  A wyvern (D:4)
  An orc warrior (D:8)
  2 ogres (D:4)
  A giant frog (D:7)
  5 wights (D:7)
  The ghost of casual the Insei, a weakling DsMo (D:3)
  A goliath beetle (D:4)
  2 hounds
  A jelly (D:4)
  2 giant frog skeletons
  2 iguanas
  4 orc wizards
  3 worker ants
  A hound zombie (D:5)
  A worker ant zombie (D:4)
  2 hound skeletons
  5 adders
  4 giant mites
  A shadow imp (D:8)
  2 worms (D:4)
  2 giant geckos
  4 oozes
  17 orcs
  2 ball pythons
  2 bat skeletons
  10 goblins
  10 hobgoblins
  8 bats
  6 giant cockroaches
  A giant gecko zombie (D:7)
  A giant newt (D:2)
  6 jackals
  12 kobolds
  2 quokkas
  10 rats
135 creatures vanquished.

Vanquished Creatures (collateral kills)
  An adder (D:2)
  2 worms (D:2)
3 creatures vanquished.

Grand Total: 138 creatures vanquished

Notes
Turn   | Place    | Note
--------------------------------------------------------------
     0 | D:1      | faibistes, the Deep Elf Wizard, began the quest for the Orb.
     0 | D:1      | Reached XP level 1. HP: 10/10 MP: 6/6
   413 | D:3      | Noticed casual's ghost (weakling DsMo)
   628 | D:1      | Reached XP level 2. HP: 15/15 MP: 2/10
   695 | D:1      | Learned a level 2 spell: Blink
   698 | D:1      | Learned a level 2 spell: Call Imp
  1099 | D:3      | Reached skill level 5 in Spellcasting
  1543 | D:2      | Reached XP level 3. HP: 19/19 MP: 5/14
  1548 | D:2      | Learned a level 3 spell: Mephitic Cloud
  1552 | D:2      | Learned a level 3 spell: Conjure Flame
  2529 | D:3      | Killed casual's ghost
  2529 | D:3      | Reached XP level 4. HP: 24/24 MP: 3/17
  2898 | D:4      | Reached skill level 6 in Spellcasting
  2898 | D:4      | Reached XP level 5. HP: 28/28 MP: 8/20
  2907 | D:4      | Learned a level 2 spell: Repel Missiles
  3257 | D:3      | Noticed an orc wizard
  3257 | D:3      | Noticed an orc wizard
  3262 | D:3      | Killed an orc wizard
  3271 | D:3      | Killed an orc wizard
  3345 | D:3      | Found a sparkling altar of Nemelex Xobeh.
  3771 | D:4      | Found a viscous altar of Jiyva.
  3861 | D:4      | Reached XP level 6. HP: 32/32 MP: 15/22
  3934 | D:4      | Noticed an ogre
  3954 | D:4      | Killed an ogre
  3954 | D:4      | Reached skill level 1 in Fire Magic
  3954 | D:4      | Reached skill level 1 in Poison Magic
  3958 | D:4      | Reached skill level 1 in Air Magic
  4389 | D:4      | Noticed a wyvern
  4404 | D:4      | Killed a wyvern
  4404 | D:4      | Reached skill level 7 in Spellcasting
  4404 | D:4      | Reached XP level 7. HP: 16/36 MP: 10/25
  4726 | D:5      | Entered Level 5 of the Dungeon
  4855 | D:4      | Noticed an ogre
  4874 | D:4      | Killed an ogre
  5720 | D:5      | Found a staircase to the Ecumenical Temple.
  5726 | Temple   | Entered the Ecumenical Temple
  5783 | Temple   | Became a worshipper of Sif Muna the Loreminder
  6606 | D:5      | Found a sparkling altar of Nemelex Xobeh.
  6610 | D:5      | Found a shadowy altar of Dithmenos.
  6615 | D:5      | Found an opulent altar of Gozag.
  6814 | D:7      | Reached XP level 8. HP: 41/41 MP: 7/27
  6974 | D:7      | Reached skill level 8 in Spellcasting
  7284 | D:7      | Acquired Sif Muna's first power
  7456 | D:8      | HP: 2/41 [orc warrior/scimitar of electrocution (11)]
  7458 | D:8      | Reached skill level 5 in Dodging
  7458 | D:8      | Reached skill level 5 in Conjurations
  7468 | D:8      | Killed by an exploding giant spore

Action                   |  1- 3 |  4- 6 |  7- 9 || total
-------------------------+-------+-------+-------++-------
Melee: Unarmed           |       |     1 |       ||     1
       Dagger            |       |       |    24 ||    24
 Cast: Magic Dart        |    86 |   133 |   198 ||   417
       Call Imp          |     9 |       |       ||     9
       Blink             |     1 |     2 |     4 ||     7
       Conjure Flame     |     1 |     3 |    15 ||    19
       Mephitic Cloud    |       |     6 |     6 ||    12
       Repel Missiles    |       |     1 |     1 ||     2
  Use: Scroll            |     5 |       |    10 ||    15
       Potion            |       |       |     2 ||     2
 Stab: Distracted        |       |       |     1 ||     1
       Sleeping          |       |       |     1 ||     1
       Confused          |       |       |     1 ||     1
  Eat: Chunk             |     5 |     5 |     9 ||    19
